AoeStats
← Hungern625

Arabia

506141065Analyzed
1v1 RM · 19d ago on Sep 12, 2026· 35m 40s· 2 players
Game mode
Random Map
Map size
Tiny (2 player)
Population
200
Speed
Normal
Resources
Standard
Victory
Conquest
Starting age
Dark Age
Ending age
Imperial Age
RankedLock teamsTeams togetherTeam positionsShared explorationLock speedFull tech treeHidden civsTurbo modeCheats
Victory
Defeat
🇫🇷 Inca · France
1187
+17
🇰🇷 Cumans · South Korea
1205
-17
Naoeh
6:55 Loom
9:23 Feudal Age
9:36 Champi Runner
13:14 Double-Bit Axe
14:09 Horse Collar
17:10 Wheelbarrow
19:03 Scale Mail Armor
19:46 Forging
20:16 Town Watch
21:49 Arson
24:27 Gold Mining
31:45 Castle Age
31:51 Pikeman
32:15 Champi Warrior
32:56 Squires
34:36 Chain Mail Armor
Hungern625
7:20 Loom
9:33 Feudal Age
21:47 Horse Collar
26:30 Castle Age
25:03 Bloodlines
30:19 Crossbowman
32:16 Light Cavalry
33:28 Stone Mining
35:16 Thumb Ring
36:18 Wheelbarrow
Connection lost

Rejoining the realm…

Still unreachable

The connection could not be restored.

Session expired

The server has moved on; the page needs a fresh start.